2879 views
Uploaded 2019-12-01 20:45:39
Game version 1.32.0.2 / 1.32.0.2.1
41:37 long 3on3 ladder game on (6)GnollWood
Saved by BEARAND
2879 views
Uploaded 2019-12-01 20:45:39
Game version 1.32.0.2 / 1.32.0.2.1
41:37 long 3on3 ladder game on (6)GnollWood


179 units @ 30.2k
/ 5.5k
57 buildings @ 9.2k
/ 4.1k


| Acolyte | 16 | 1200 | / | 0 |
| Ghoul | 13 | 1560 | / | 0 |
| Crypt Fiend | 3 | 645 | / | 120 |
| Gargoyle | 29 | 5075 | / | 870 |
| Meat Wagon | 4 | 920 | / | 200 |
| Abomination | 16 | 3840 | / | 1120 |
| Frost Wyrm | 7 | 2695 | / | 840 |
| total: | 88 | 15935g | / | 3150w |
| Altar of Darkness | 1 | 180 | / | 50 |
| Crypt | 2 | 400 | / | 100 |
| Ziggurat | 8 | 1200 | / | 400 |
| Graveyard | 1 | 215 | / | 0 |
| Temple of the Damned | 1 | 155 | / | 140 |
| Slaughterhouse | 2 | 280 | / | 270 |
| Sacrificial Pit | 1 | 75 | / | 150 |
| Boneyard | 2 | 350 | / | 400 |
| Halls of the Dead | 1 | 320 | / | 210 |
| Black Citadel | 1 | 325 | / | 230 |
| total: | 18 | 2855g | / | 1510w |
| 0:14 | Altar of Darkness |
| 0:18 | Acolyte |
| 0:19 | Acolyte |
| 0:28 | Crypt |
| 0:54 | Ziggurat |
| 0:57 | Acolyte |
| 1:16 | Ziggurat |
| 1:31 | Ghoul |
| 1:31 | Ghoul |
| 2:57 | Ghoul |
| 3:04 | Ziggurat |
| 3:12 | Ghoul |
| 3:56 | Ghoul |
| 3:56 | Ghoul |
| 4:14 | Ziggurat |
| 4:27 | Frost Nova |
| 4:37 | Cannibalize |
| 4:40 | Halls of the Dead |
| 4:53 | Ghoul |
| 4:53 | Ghoul |
| 6:03 | Crypt |
| 7:27 | Graveyard |
| 7:44 | Ghoul |
| 7:45 | Ghoul |
| 7:48 | Ghoul |
| 7:49 | Ghoul |
| 7:49 | Ghoul |
| 8:48 | Acolyte |
| 8:48 | Acolyte |
| 8:48 | Acolyte |
| 8:48 | Acolyte |
| 9:06 | Dark Ritual |
| 9:18 | Crypt Fiend |
| 9:19 | Gargoyle |
| 9:19 | Gargoyle |
| 9:20 | Gargoyle |
| 9:20 | Gargoyle |
| 9:20 | Gargoyle |
| 9:21 | Gargoyle |
| 9:22 | Gargoyle |
| 10:10 | Acolyte |
| 10:41 | Ziggurat |
| 11:31 | Gargoyle |
| 11:32 | Gargoyle |
| 11:32 | Gargoyle |
| 11:32 | Gargoyle |
| 11:32 | Gargoyle |
| 11:32 | Gargoyle |
| 11:34 | Gargoyle |
| 11:34 | Gargoyle |
| 11:34 | Gargoyle |
| 11:34 | Gargoyle |
| 11:59 | Ziggurat |
| 12:04 | Creature Attack |
| 14:26 | Ziggurat |
| 14:42 | Impale |
| 14:59 | Ziggurat |
| 16:05 | Gargoyle |
| 16:05 | Gargoyle |
| 16:05 | Gargoyle |
| 16:05 | Gargoyle |
| 16:05 | Gargoyle |
| 16:08 | Gargoyle |
| 16:08 | Gargoyle |
| 16:09 | Gargoyle |
| 16:09 | Gargoyle |
| 16:09 | Gargoyle |
| 16:09 | Gargoyle |
| 16:09 | Gargoyle |
| 16:15 | Black Citadel |
| 16:25 | Improved Creature Attack |
| 16:42 | Temple of the Damned |
| 17:03 | Slaughterhouse |
| 17:19 | Slaughterhouse |
| 17:42 | Creature Carapace |
| 18:32 | Meat Wagon |
| 18:32 | Meat Wagon |
| 18:34 | Meat Wagon |
| 18:34 | Meat Wagon |
| 18:39 | Abomination |
| 18:40 | Abomination |
| 18:40 | Abomination |
| 18:42 | Abomination |
| 18:43 | Abomination |
| 18:43 | Abomination |
| 18:49 | Advanced Creature Attack |
| 19:56 | Sacrificial Pit |
| 21:19 | Acolyte |
| 21:19 | Acolyte |
| 21:19 | Acolyte |
| 21:19 | Acolyte |
| 21:19 | Acolyte |
| 22:11 | Disease Cloud |
| 22:14 | Abomination |
| 22:15 | Abomination |
| 22:44 | Acolyte |
| 22:44 | Acolyte |
| 22:44 | Acolyte |
| 23:35 | Abomination |
| 23:35 | Abomination |
| 23:35 | Abomination |
| 23:36 | Abomination |
| 23:36 | Abomination |
| 23:36 | Abomination |
| 23:38 | Abomination |
| 23:39 | Abomination |
| 24:16 | Crypt Fiend |
| 24:16 | Crypt Fiend |
| 25:16 | Boneyard |
| 25:49 | Boneyard |
| 29:08 | Frost Wyrm |
| 29:09 | Frost Wyrm |
| 29:10 | Frost Wyrm |
| 29:10 | Frost Wyrm |
| 29:10 | Frost Wyrm |
| 29:10 | Frost Wyrm |
| 29:11 | Frost Wyrm |
| 30:18 | Unholy Strength |
| 30:32 | Improved Creature Carapace |
| 33:38 | Advanced Creature Carapace |
| Right click | 1654 |
| Select | 298 |
| Select group | 274 |
| Build/train/purchase | 106 |
| Chat | 101 |
| Assign group | 23 |
| Use ability | 16 |


| Healing Salve | 1 | 100 |
| Orb of Lightning | 1 | 375 |
| Circlet of Nobility | 1 | 175 |
| total: | 3 | 650g |
| Peon | 9 | 675 | / | 0 |
| Grunt | 1 | 200 | / | 0 |
| Troll Headhunter | 11 | 1540 | / | 220 |
| Shaman | 9 | 1170 | / | 180 |
| Troll Berserker | 6 | 840 | / | 120 |
| Troll Witch Doctor | 6 | 870 | / | 150 |
| Demolisher | 13 | 2860 | / | 650 |
| total: | 55 | 8155g | / | 1320w |
| Watch Tower | 4 | 440 | / | 320 |
| Barracks | 2 | 360 | / | 100 |
| Altar of Storms | 1 | 180 | / | 50 |
| Orc Burrow | 9 | 1440 | / | 360 |
| War Mill | 1 | 205 | / | 0 |
| Voodoo Lounge | 1 | 130 | / | 30 |
| Great Hall | 1 | 385 | / | 185 |
| Spirit Lodge | 2 | 300 | / | 300 |
| Stronghold | 1 | 315 | / | 190 |
| Fortress | 1 | 325 | / | 190 |
| total: | 21 | 3440g | / | 1345w |
| 0:04 | Barracks |
| 0:07 | Peon |
| 0:07 | Peon |
| 0:08 | Peon |
| 0:16 | Altar of Storms |
| 0:37 | Orc Burrow |
| 0:54 | Peon |
| 1:12 | Peon |
| 1:21 | War Mill |
| 1:37 | Grunt |
| 2:52 | Voodoo Lounge |
| 3:21 | Orc Burrow |
| 3:27 | Troll Headhunter |
| 3:45 | Orc Burrow |
| 4:13 | Wind Walk |
| 4:19 | Troll Headhunter |
| 4:20 | Troll Headhunter |
| 4:41 | Troll Headhunter |
| 4:58 | Troll Headhunter |
| 4:59 | Troll Headhunter |
| 5:38 | Stronghold |
| 6:09 | Circlet of Nobility |
| 6:11 | Critical Strike |
| 6:18 | Troll Headhunter |
| 6:18 | Troll Headhunter |
| 6:18 | Troll Headhunter |
| 8:07 | Troll Headhunter |
| 8:07 | Troll Headhunter |
| 8:08 | Troll Regeneration |
| 8:10 | Fortress |
| 8:13 | Steel Ranged Weapons |
| 8:25 | Healing Salve |
| 9:12 | Spirit Lodge |
| 9:13 | Spirit Lodge |
| 9:47 | Healing Wave |
| 10:31 | Peon |
| 10:34 | Peon |
| 10:41 | Shaman Adept Training |
| 10:49 | Peon |
| 10:53 | Orb of Lightning |
| 10:55 | Witch Doctor Adept Training |
| 11:45 | Thorium Ranged Weapons |
| 11:48 | Peon |
| 11:54 | Shaman Master Training |
| 12:57 | Shaman |
| 12:57 | Shaman |
| 12:57 | Shaman |
| 13:05 | Berserker Upgrade |
| 14:07 | Troll Berserker |
| 14:10 | Witch Doctor Master Training |
| 14:15 | Shaman |
| 14:27 | Troll Berserker |
| 14:40 | Orc Burrow |
| 14:44 | Orc Burrow |
| 14:51 | Orc Burrow |
| 16:20 | Troll Berserker |
| 16:22 | Arcanite Ranged Weapons |
| 16:36 | Shaman |
| 17:22 | Shaman |
| 17:22 | Shaman |
| 17:23 | Shaman |
| 17:27 | Troll Witch Doctor |
| 18:08 | Troll Berserker |
| 18:11 | Shaman |
| 18:23 | Spiked Barricades |
| 19:28 | Improved Spiked Barricades |
| 19:47 | Troll Witch Doctor |
| 19:48 | Troll Witch Doctor |
| 21:47 | Wind Walk |
| 22:37 | Troll Witch Doctor |
| 22:37 | Troll Witch Doctor |
| 22:42 | Troll Witch Doctor |
| 23:50 | Troll Berserker |
| 23:51 | Troll Berserker |
| 23:57 | Burning Oil |
| 23:57 | Demolisher |
| 23:57 | Demolisher |
| 23:58 | Demolisher |
| 23:58 | Demolisher |
| 24:26 | Great Hall |
| 25:48 | Reinforced Defenses |
| 26:01 | Watch Tower |
| 26:01 | Watch Tower |
| 26:02 | Watch Tower |
| 26:03 | Watch Tower |
| 26:26 | Barracks |
| 29:27 | Demolisher |
| 29:32 | Demolisher |
| 29:37 | Orc Burrow |
| 29:37 | Orc Burrow |
| 29:37 | Orc Burrow |
| 30:07 | Demolisher |
| 30:10 | Demolisher |
| 30:38 | Demolisher |
| 30:39 | Demolisher |
| 30:41 | Demolisher |
| 31:10 | Demolisher |
| 31:12 | Demolisher |
| Right click | 772 |
| Select group | 522 |
| Select | 312 |
| Chat | 116 |
| Build/train/purchase | 95 |
| Misc. action | 87 |
| Assign group | 36 |
| Use ability | 30 |
| Remove unit | 9 |
| Minimap ping | 6 |
| Item give/drop | 2 |


| Peon | 9 | 675 | / | 0 |
| Grunt | 4 | 800 | / | 0 |
| Tauren | 8 | 2240 | / | 640 |
| Shaman | 8 | 1040 | / | 160 |
| Demolisher | 4 | 880 | / | 200 |
| Troll Witch Doctor | 3 | 435 | / | 75 |
| total: | 36 | 6070g | / | 1075w |
| Altar of Storms | 1 | 180 | / | 50 |
| Orc Burrow | 9 | 1440 | / | 360 |
| Barracks | 2 | 360 | / | 100 |
| War Mill | 1 | 205 | / | 0 |
| Spirit Lodge | 2 | 300 | / | 300 |
| Tauren Totem | 2 | 270 | / | 310 |
| Beastiary | 1 | 145 | / | 140 |
| Stronghold | 1 | 315 | / | 190 |
| Fortress | 1 | 325 | / | 190 |
| total: | 18 | 2900g | / | 1260w |
| 0:06 | Peon |
| 0:13 | Altar of Storms |
| 0:18 | Orc Burrow |
| 0:24 | Peon |
| 0:30 | Orc Burrow |
| 0:56 | Peon |
| 1:08 | Peon |
| 1:33 | Peon |
| 1:39 | Barracks |
| 1:52 | Peon |
| 2:44 | Peon |
| 2:51 | Peon |
| 3:04 | Serpent Ward |
| 3:20 | War Mill |
| 3:26 | Stronghold |
| 3:46 | Grunt |
| 4:05 | Grunt |
| 4:33 | Grunt |
| 4:44 | Orc Burrow |
| 5:15 | Steel Melee Weapons |
| 5:18 | Grunt |
| 5:48 | Spirit Lodge |
| 5:50 | Fortress |
| 5:55 | Healing Wave |
| 6:19 | Orc Burrow |
| 6:46 | Orc Burrow |
| 6:51 | Tauren Totem |
| 7:19 | Shaman Adept Training |
| 7:49 | Spirit Lodge |
| 8:13 | Tauren |
| 8:16 | Peon |
| 8:47 | Shaman Master Training |
| 9:05 | War Stomp |
| 9:09 | Shaman |
| 9:11 | Shaman |
| 9:14 | Tauren |
| 9:41 | Tauren |
| 9:58 | Steel Armor |
| 10:08 | Orc Burrow |
| 10:39 | Shaman |
| 11:13 | Shaman |
| 11:29 | Orc Burrow |
| 11:43 | Pulverize |
| 11:59 | Tauren Totem |
| 12:26 | Tauren |
| 13:09 | Orc Burrow |
| 13:28 | Thorium Melee Weapons |
| 14:10 | Demolisher |
| 14:13 | Demolisher |
| 14:51 | Barracks |
| 14:55 | Burning Oil |
| 15:45 | Demolisher |
| 16:18 | Shaman |
| 16:31 | Shaman |
| 17:08 | Healing Wave |
| 17:33 | Tauren |
| 18:13 | Witch Doctor Adept Training |
| 19:36 | Beastiary |
| 19:48 | Witch Doctor Master Training |
| 19:49 | Troll Witch Doctor |
| 21:11 | Tauren |
| 22:03 | Shaman |
| 22:04 | Troll Witch Doctor |
| 22:12 | Shaman |
| 22:41 | Demolisher |
| 23:49 | Tauren |
| 24:24 | Orc Burrow |
| 24:58 | Troll Witch Doctor |
| 26:19 | Tauren |
| Right click | 1759 |
| Select group | 761 |
| Select | 453 |
| Chat | 240 |
| Build/train/purchase | 79 |
| Assign group | 59 |
| Use ability | 50 |
| Resource trade | 14 |
| Misc. action | 9 |
| Minimap ping | 4 |
| Esc | 3 |
| Remove unit | 1 |
74 units @ 7.4k
/ 0.7k
183 buildings @ 10.8k
/ 5.9k



x1)
| Potion of Healing | 1 | 150 |
| Staff of Sanctuary | 3 | 750 |
| Orb of Fire | 1 | 325 |
| Staff of Teleportation | 3 | 450 |
| Boots of Speed | 3 | 750 |
| Tome of Retraining | 1 | 300 |
| Orb of Lightning | 2 | 750 |
| total: | 14 | 3475g |
| Peasant | 17 | 1275 | / | 0 |
| Priest | 3 | 405 | / | 30 |
| total: | 20 | 1680g | / | 30w |
| Scout Tower | 81 | 2430 | / | 1620 |
| Arcane Tower | 7 | 490 | / | 350 |
| Guard Tower | 20 | 1400 | / | 1000 |
| Altar of Kings | 1 | 180 | / | 50 |
| Farm | 4 | 320 | / | 80 |
| Lumber Mill | 2 | 240 | / | 0 |
| Arcane Vault | 2 | 260 | / | 60 |
| Town Hall | 1 | 385 | / | 205 |
| Arcane Sanctum | 1 | 150 | / | 140 |
| Keep | 1 | 320 | / | 210 |
| Castle | 1 | 360 | / | 210 |
| total: | 92 | 3965g | / | 2155w |
| 0:05 | Peasant |
| 0:05 | Peasant |
| 0:10 | Altar of Kings |
| 0:26 | Farm |
| 0:31 | Peasant |
| 0:31 | Peasant |
| 0:48 | Lumber Mill |
| 0:50 | Peasant |
| 0:53 | Peasant |
| 0:54 | Peasant |
| 1:03 | Scout Tower |
| 1:11 | Farm |
| 1:15 | Peasant |
| 1:15 | Peasant |
| 1:30 | Peasant |
| 1:33 | Arcane Tower |
| 1:36 | Scout Tower |
| 1:40 | Peasant |
| 1:50 | Peasant |
| 2:45 | Peasant |
| 2:52 | Peasant |
| 2:52 | Peasant |
| 2:56 | Guard Tower |
| 2:58 | Summon Water Elemental |
| 3:18 | Peasant |
| 3:20 | Peasant |
| 3:23 | Scout Tower |
| 3:54 | Guard Tower |
| 3:56 | Scout Tower |
| 3:56 | Scout Tower |
| 4:27 | Staff of Teleportation |
| 4:28 | Boots of Speed |
| 4:30 | Keep |
| 4:34 | Improved Masonry |
| 4:36 | Farm |
| 4:39 | Farm |
| 4:54 | Guard Tower |
| 5:08 | Arcane Vault |
| 5:23 | Scout Tower |
| 5:24 | Scout Tower |
| 5:34 | Brilliance Aura |
| 5:40 | Scout Tower |
| 5:40 | Scout Tower |
| 5:56 | Guard Tower |
| 6:44 | Staff of Teleportation |
| 7:10 | Guard Tower |
| 7:17 | Potion of Healing |
| 7:49 | Storm Bolt |
| 8:25 | Castle |
| 8:53 | Boots of Speed |
| 8:54 | Staff of Teleportation |
| 9:24 | Arcane Sanctum |
| 9:27 | Advanced Masonry |
| 9:59 | Scout Tower |
| 10:00 | Scout Tower |
| 10:02 | Arcane Vault |
| 10:28 | Guard Tower |
| 10:32 | Scout Tower |
| 10:33 | Scout Tower |
| 11:20 | Magic Sentry |
| 11:21 | Imbued Masonry |
| 12:06 | Arcane Tower |
| 12:23 | Staff of Sanctuary |
| 12:33 | Arcane Tower |
| 12:35 | Scout Tower |
| 12:36 | Scout Tower |
| 12:37 | Scout Tower |
| 13:06 | Bash |
| 13:16 | Guard Tower |
| 13:17 | Scout Tower |
| 13:17 | Scout Tower |
| 13:20 | Holy Light |
| 13:34 | Staff of Sanctuary |
| 13:53 | Summon Water Elemental |
| 14:05 | Scout Tower |
| 14:05 | Scout Tower |
| 14:06 | Scout Tower |
| 14:22 | Guard Tower |
| 14:33 | Staff of Sanctuary |
| 15:03 | Guard Tower |
| 15:06 | Scout Tower |
| 15:07 | Scout Tower |
| 15:08 | Scout Tower |
| 15:09 | Scout Tower |
| 15:29 | Boots of Speed |
| 16:18 | Orb of Lightning |
| 16:21 | Orb of Lightning |
| 16:49 | Tome of Retraining |
| 16:49 | Retrain Hero |
| 16:51 | Brilliance Aura |
| 16:52 | Blizzard |
| 18:25 | Storm Bolt |
| 18:27 | Orb of Fire |
| 18:56 | Divine Shield |
| 19:25 | Scout Tower |
| 19:26 | Scout Tower |
| 19:26 | Scout Tower |
| 19:27 | Scout Tower |
| 19:28 | Scout Tower |
| 19:29 | Scout Tower |
| 19:34 | Scout Tower |
| 19:35 | Scout Tower |
| 19:37 | Scout Tower |
| 19:37 | Scout Tower |
| 19:38 | Scout Tower |
| 19:39 | Scout Tower |
| 19:40 | Scout Tower |
| 19:44 | Scout Tower |
| 19:44 | Scout Tower |
| 19:45 | Scout Tower |
| 19:48 | Scout Tower |
| 19:49 | Scout Tower |
| 19:50 | Scout Tower |
| 19:55 | Town Hall |
| 19:57 | Guard Tower |
| 20:15 | Scout Tower |
| 20:16 | Scout Tower |
| 20:17 | Scout Tower |
| 20:18 | Scout Tower |
| 20:50 | Blizzard |
| 20:59 | Arcane Tower |
| 21:00 | Arcane Tower |
| 21:02 | Guard Tower |
| 21:12 | Guard Tower |
| 21:52 | Guard Tower |
| 21:59 | Scout Tower |
| 21:59 | Scout Tower |
| 22:00 | Scout Tower |
| 22:01 | Scout Tower |
| 22:04 | Scout Tower |
| 22:04 | Scout Tower |
| 22:06 | Arcane Tower |
| 22:38 | Guard Tower |
| 22:44 | Scout Tower |
| 22:45 | Scout Tower |
| 22:45 | Scout Tower |
| 22:46 | Scout Tower |
| 22:46 | Scout Tower |
| 22:48 | Scout Tower |
| 22:48 | Scout Tower |
| 22:49 | Scout Tower |
| 22:50 | Scout Tower |
| 22:51 | Scout Tower |
| 22:53 | Lumber Mill |
| 23:40 | Guard Tower |
| 23:42 | Scout Tower |
| 23:43 | Scout Tower |
| 23:43 | Scout Tower |
| 23:44 | Scout Tower |
| 23:46 | Scout Tower |
| 23:47 | Scout Tower |
| 24:16 | Guard Tower |
| 24:58 | Bash |
| 25:03 | Priest |
| 25:03 | Priest Adept Training |
| 25:07 | Guard Tower |
| 25:12 | Scout Tower |
| 25:13 | Scout Tower |
| 25:15 | Scout Tower |
| 25:16 | Scout Tower |
| 25:17 | Scout Tower |
| 26:53 | Holy Light |
| 27:51 | Guard Tower |
| 27:56 | Guard Tower |
| 28:57 | Priest |
| 28:58 | Priest Master Training |
| 29:00 | Priest |
| 29:06 | Scout Tower |
| 29:21 | Scout Tower |
| 29:57 | Guard Tower |
| 30:06 | Scout Tower |
| 30:07 | Scout Tower |
| 30:14 | Scout Tower |
| 30:15 | Scout Tower |
| 31:32 | Brilliance Aura |
| 32:15 | Devotion Aura |
| 32:20 | Storm Bolt |
| 34:36 | Arcane Tower |
| 41:20 | Blizzard |
| 41:30 | Holy Light |
| Right click | 2702 |
| Select group | 2076 |
| Chat | 709 |
| Select | 350 |
| Use ability | 202 |
| Misc. action | 172 |
| Build/train/purchase | 132 |
| Minimap ping | 20 |
| Assign group | 15 |
| Item give/drop | 9 |
| Esc | 2 |



x1)
| Staff of Sanctuary | 3 | 750 |
| Boots of Speed | 3 | 750 |
| Staff of Teleportation | 4 | 600 |
| Tome of Retraining | 1 | 300 |
| Orb of Lightning | 1 | 375 |
| Healing Salve | 3 | 300 |
| total: | 15 | 3075g |
| Peasant | 19 | 1425 | / | 0 |
| Priest | 4 | 540 | / | 40 |
| total: | 23 | 1965g | / | 40w |
| Scout Tower | 50 | 1500 | / | 1000 |
| Arcane Tower | 8 | 560 | / | 400 |
| Guard Tower | 35 | 2450 | / | 1750 |
| Altar of Kings | 1 | 180 | / | 50 |
| Farm | 4 | 320 | / | 80 |
| Lumber Mill | 1 | 120 | / | 0 |
| Arcane Vault | 3 | 390 | / | 90 |
| Town Hall | 1 | 385 | / | 205 |
| Arcane Sanctum | 1 | 150 | / | 140 |
| Keep | 2 | 640 | / | 420 |
| Castle | 1 | 360 | / | 210 |
| total: | 61 | 3045g | / | 1565w |
| 0:03 | Peasant |
| 0:04 | Peasant |
| 0:10 | Altar of Kings |
| 0:24 | Farm |
| 0:30 | Peasant |
| 0:36 | Lumber Mill |
| 0:42 | Farm |
| 0:50 | Peasant |
| 0:57 | Peasant |
| 1:07 | Peasant |
| 1:11 | Scout Tower |
| 1:32 | Scout Tower |
| 1:34 | Peasant |
| 1:36 | Peasant |
| 1:40 | Arcane Tower |
| 1:49 | Peasant |
| 2:46 | Scout Tower |
| 2:47 | Peasant |
| 2:49 | Peasant |
| 2:55 | Summon Water Elemental |
| 3:03 | Guard Tower |
| 3:23 | Guard Tower |
| 3:24 | Scout Tower |
| 3:24 | Peasant |
| 3:25 | Peasant |
| 3:35 | Peasant |
| 3:51 | Guard Tower |
| 3:52 | Scout Tower |
| 3:53 | Scout Tower |
| 4:38 | Keep |
| 4:47 | Farm |
| 4:50 | Arcane Vault |
| 5:03 | Guard Tower |
| 5:04 | Guard Tower |
| 5:15 | Boots of Speed |
| 5:15 | Staff of Teleportation |
| 5:38 | Brilliance Aura |
| 5:41 | Arcane Vault |
| 5:44 | Scout Tower |
| 5:44 | Scout Tower |
| 5:45 | Scout Tower |
| 5:45 | Scout Tower |
| 6:06 | Improved Masonry |
| 7:11 | Farm |
| 7:18 | Castle |
| 7:37 | Guard Tower |
| 7:37 | Guard Tower |
| 7:59 | Arcane Sanctum |
| 8:14 | Flame Strike |
| 8:39 | Boots of Speed |
| 8:40 | Staff of Teleportation |
| 9:28 | Arcane Vault |
| 9:29 | Scout Tower |
| 9:30 | Scout Tower |
| 9:30 | Scout Tower |
| 9:31 | Scout Tower |
| 9:33 | Scout Tower |
| 9:47 | Rain of Fire |
| 10:03 | Scout Tower |
| 10:04 | Scout Tower |
| 10:04 | Scout Tower |
| 10:05 | Advanced Masonry |
| 10:10 | Magic Sentry |
| 10:21 | Priest |
| 11:27 | Tome of Retraining |
| 11:27 | Retrain Hero |
| 11:29 | Blizzard |
| 11:29 | Brilliance Aura |
| 11:42 | Boots of Speed |
| 11:42 | Staff of Teleportation |
| 11:51 | Staff of Teleportation |
| 12:31 | Town Hall |
| 13:03 | Scout Tower |
| 13:04 | Scout Tower |
| 13:04 | Scout Tower |
| 13:05 | Scout Tower |
| 13:05 | Scout Tower |
| 13:06 | Scout Tower |
| 13:06 | Scout Tower |
| 13:07 | Scout Tower |
| 13:07 | Scout Tower |
| 13:08 | Scout Tower |
| 13:09 | Scout Tower |
| 13:10 | Scout Tower |
| 13:32 | Guard Tower |
| 13:32 | Guard Tower |
| 14:19 | Blizzard |
| 14:21 | Siphon Mana |
| 14:33 | Staff of Sanctuary |
| 14:39 | Staff of Sanctuary |
| 14:48 | Guard Tower |
| 15:03 | Imbued Masonry |
| 15:27 | Guard Tower |
| 15:27 | Guard Tower |
| 15:59 | Cleaving Attack |
| 16:10 | Guard Tower |
| 16:15 | Orb of Lightning |
| 16:20 | Healing Salve |
| 17:22 | Scout Tower |
| 17:23 | Scout Tower |
| 17:23 | Scout Tower |
| 17:27 | Scout Tower |
| 17:28 | Scout Tower |
| 17:28 | Scout Tower |
| 17:29 | Peasant |
| 17:29 | Peasant |
| 17:29 | Peasant |
| 17:29 | Peasant |
| 17:30 | Peasant |
| 17:58 | Guard Tower |
| 18:13 | Staff of Sanctuary |
| 18:23 | Guard Tower |
| 18:29 | Arcane Tower |
| 18:30 | Arcane Tower |
| 18:31 | Guard Tower |
| 18:32 | Arcane Tower |
| 18:33 | Arcane Tower |
| 18:33 | Guard Tower |
| 18:34 | Guard Tower |
| 18:37 | Guard Tower |
| 18:44 | Healing Salve |
| 18:49 | Healing Salve |
| 19:10 | Guard Tower |
| 19:12 | Scout Tower |
| 19:13 | Scout Tower |
| 19:13 | Scout Tower |
| 19:14 | Scout Tower |
| 19:15 | Scout Tower |
| 20:50 | Flame Strike |
| 21:14 | Scout Tower |
| 21:15 | Scout Tower |
| 21:15 | Scout Tower |
| 21:31 | Rain of Fire |
| 21:56 | Arcane Tower |
| 21:56 | Guard Tower |
| 21:57 | Guard Tower |
| 21:59 | Arcane Tower |
| 22:54 | Guard Tower |
| 23:57 | Brilliance Aura |
| 24:06 | Guard Tower |
| 25:06 | Scout Tower |
| 25:08 | Scout Tower |
| 25:50 | Guard Tower |
| 26:10 | Priest |
| 26:10 | Priest |
| 26:13 | Priest Adept Training |
| 26:42 | Scout Tower |
| 26:43 | Scout Tower |
| 27:08 | Priest |
| 27:48 | Guard Tower |
| 28:02 | Scout Tower |
| 28:07 | Scout Tower |
| 28:42 | Guard Tower |
| 31:25 | Siphon Mana |
| 32:38 | Cleaving Attack |
| 33:23 | Blizzard |
| 41:11 | Flame Strike |
| Right click | 3244 |
| Select group | 797 |
| Chat | 758 |
| Select | 690 |
| Build/train/purchase | 179 |
| Use ability | 129 |
| Assign group | 32 |
| Minimap ping | 21 |
| Misc. action | 5 |


| Healing Salve | 4 | 400 |
| Lesser Clarity Potion | 1 | 70 |
| Orb of Lightning | 3 | 1125 |
| Scroll of Town Portal | 2 | 700 |
| Staff of Teleportation | 2 | 300 |
| Boots of Speed | 2 | 500 |
| Periapt of Vitality | 1 | 325 |
| Circlet of Nobility | 1 | 175 |
| Staff of Sanctuary | 2 | 500 |
| total: | 18 | 4095g |
| Peon | 14 | 1050 | / | 0 |
| Troll Batrider | 14 | 2240 | / | 560 |
| Troll Witch Doctor | 3 | 435 | / | 75 |
| total: | 31 | 3725g | / | 635w |
| Watch Tower | 18 | 1980 | / | 1440 |
| Altar of Storms | 1 | 180 | / | 50 |
| Orc Burrow | 4 | 640 | / | 160 |
| War Mill | 1 | 205 | / | 0 |
| Voodoo Lounge | 3 | 390 | / | 90 |
| Beastiary | 2 | 290 | / | 280 |
| Spirit Lodge | 1 | 150 | / | 150 |
| Stronghold | 2 | 630 | / | 380 |
| Fortress | 2 | 650 | / | 380 |
| total: | 30 | 3835g | / | 2170w |
| 0:01 | Peon |
| 0:02 | Peon |
| 0:08 | Altar of Storms |
| 0:15 | Orc Burrow |
| 0:35 | War Mill |
| 0:38 | Peon |
| 0:38 | Peon |
| 0:50 | Peon |
| 1:06 | Peon |
| 1:20 | Peon |
| 1:34 | Peon |
| 1:38 | Orc Burrow |
| 2:43 | Watch Tower |
| 2:45 | Peon |
| 2:46 | Peon |
| 3:08 | Peon |
| 3:16 | Watch Tower |
| 3:32 | Watch Tower |
| 3:56 | Peon |
| 3:56 | Peon |
| 4:03 | Voodoo Lounge |
| 4:05 | Watch Tower |
| 4:27 | Watch Tower |
| 4:30 | Watch Tower |
| 4:31 | Peon |
| 5:02 | Staff of Teleportation |
| 5:03 | Boots of Speed |
| 5:24 | Healing Salve |
| 5:37 | Stronghold |
| 6:33 | Breath of Fire |
| 7:19 | Watch Tower |
| 7:19 | Watch Tower |
| 7:23 | Watch Tower |
| 7:23 | Watch Tower |
| 8:26 | Beastiary |
| 8:27 | Beastiary |
| 8:29 | Orc Burrow |
| 8:31 | Fortress |
| 8:42 | Watch Tower |
| 8:42 | Watch Tower |
| 8:43 | Watch Tower |
| 8:44 | Watch Tower |
| 9:13 | Drunken Brawler |
| 9:23 | Voodoo Lounge |
| 9:24 | Voodoo Lounge |
| 9:34 | Troll Batrider |
| 10:05 | Troll Batrider |
| 10:09 | Steel Ranged Weapons |
| 10:35 | Troll Batrider |
| 11:15 | Lesser Clarity Potion |
| 11:18 | Healing Salve |
| 11:24 | Orb of Lightning |
| 11:25 | Orb of Lightning |
| 11:41 | Liquid Fire |
| 12:06 | Orc Burrow |
| 13:17 | Troll Batrider |
| 13:19 | Troll Batrider |
| 13:25 | Thorium Ranged Weapons |
| 13:25 | Arcanite Ranged Weapons |
| 13:27 | Reinforced Defenses |
| 14:23 | Breath of Fire |
| 14:27 | Troll Batrider |
| 14:37 | Watch Tower |
| 14:38 | Watch Tower |
| 14:39 | Watch Tower |
| 14:39 | Watch Tower |
| 16:19 | Troll Batrider |
| 16:20 | Troll Batrider |
| 16:23 | Healing Salve |
| 16:26 | Scroll of Town Portal |
| 17:17 | Drunken Brawler |
| 18:05 | Troll Batrider |
| 18:05 | Troll Batrider |
| 18:17 | Troll Batrider |
| 18:17 | Troll Batrider |
| 19:03 | Troll Batrider |
| 19:04 | Troll Batrider |
| 22:01 | Healing Salve |
| 24:45 | Staff of Sanctuary |
| 24:56 | Scroll of Town Portal |
| 25:02 | Spirit Lodge |
| 25:25 | Orb of Lightning |
| 25:43 | Shockwave |
| 25:46 | Boots of Speed |
| 25:46 | Staff of Teleportation |
| 25:47 | Periapt of Vitality |
| 25:47 | Circlet of Nobility |
| 26:04 | Staff of Sanctuary |
| 26:18 | Troll Witch Doctor |
| 26:18 | Troll Witch Doctor |
| 26:19 | Witch Doctor Adept Training |
| 26:19 | Witch Doctor Master Training |
| 26:23 | Troll Witch Doctor |
| 29:43 | Breath of Fire |
| 30:14 | Endurance Aura |
| 36:33 | Shockwave |
| 40:59 | Storm Earth and Fire |
| Right click | 2764 |
| Chat | 740 |
| Select group | 627 |
| Select | 464 |
| Build/train/purchase | 174 |
| Use ability | 157 |
| Assign group | 109 |
| Misc. action | 69 |
| Item give/drop | 5 |
| Resource trade | 5 |
| Esc | 4 |
| Remove unit | 1 |
| Minimap ping | 1 |